 Dungeon Crawl Stone Soup version 0.21.1-1-g345015f (webtiles) character file.

1043 inc the Gusty (level 8, -2/31 HPs)
             Began as a Felid Venom Mage on Mar 4, 2018.
             Was a Follower of Elyvilon.
             Slain by a hog (12 damage)
             ... on level 7 of the Dungeon.
             The game lasted 00:22:38 (10195 turns).

inc the Gusty (Felid Venom Mage)                   Turns: 10195, Time: 00:22:39

Health: -2/31      AC:  2    Str:  4    XL:     8   Next: 4%
Magic:  0/13       EV: 18    Int: 20    God:    Elyvilon [*.....]
Gold:   275        SH:  2    Dex: 17    Spells: 1/11 levels left
                                        Lives:  0   Deaths: 2

rFire    . . .     SeeInvis +     - Unarmed
rCold    . . .     Gourm    .   (shield unavailable)
rNeg     . . .     Faith    .   (armour unavailable)
rPois    .         Spirit   .   (helmet unavailable)
rElec    .         Reflect  +   (cloak unavailable)
rCorr    .         Harm     .   (gloves unavailable)
MR       ++...                  (boots unavailable)
Stlth    +++.......             l - +2 amulet of reflection
HPRegen  0.10/turn              r - ring of protection from magic
MPRegen  0.13/turn              w - +2 ring of intelligence

@: quick
A: very small, no armour, no weapons or thrown items, stealth, claws 1, fangs 3,
horns 1, see invisible, carnivore, speed 1, high mp 1, shaggy fur 2, slow
metabolism 1, evolution 2, sharp paws
a: Lesser Healing, Divine Protection, Renounce Religion


You were on level 7 of the Dungeon.
You worshipped Elyvilon.
Elyvilon was aware of your devotion.
You were not hungry.

You visited 2 branches of the dungeon, and saw 8 of its levels.

You collected 275 gold pieces.

Inventory:

Jewellery
 h - an uncursed ring of see invisible
 l - a +2 amulet of reflection (around neck)
 r - a ring of protection from magic (left paw)
 v - an uncursed ring of fire
 w - a +2 ring of intelligence (right paw)
 B - an uncursed amulet of guardian spirit
Wands
 d - a wand of polymorph (19)
 e - a wand of iceblast (11)
 k - a wand of disintegration (13)
Scrolls
 c - 2 scrolls of immolation
 j - 4 scrolls of magic mapping
 n - 3 scrolls of remove curse
 o - a scroll of enchant weapon
 p - a scroll of fear
 x - 2 scrolls of teleportation
 y - a scroll of fog
Potions
 f - 2 potions of degeneration
 g - a potion of berserk rage {unknown}
 i - a potion of mutation
 m - a potion of lignification
 q - a potion of flight
 t - a potion of agility
 u - 2 potions of brilliance
 z - 3 potions of curing
 A - a potion of might
Books
 a - a Young Poisoner's Handbook

   Spells                             Type                      Level
   a - Sting                          Conjuration/Poison           1
   b - Poisonous Vapours              Poison/Air                   2
   c - Mephitic Cloud                 Conjuration/Poison/Air       3
   d - Olgreb's Toxic Radiance        Poison                       4
   e - Venom Bolt                     Conjuration/Poison           5
 s - a book of Changes

   Spells                             Type                      Level
   a - Beastly Appendage              Transmutation                1
   b - Sticks to Snakes               Transmutation                2
   c - Spider Form                    Transmutation/Poison         3
   d - Ice Form                       Ice/Transmutation            4
   e - Blade Hands                    Transmutation                5
Comestibles
 b - 15 rations


   Skills:
 - Level 2.6 Dodging
 - Level 2.6 Stealth
 - Level 2.1 Unarmed Combat
 - Level 2.0 Spellcasting
 - Level 5.3 Conjurations
 - Level 6.2 Air Magic
 + Level 5.4 Poison Magic
 - Level 4.5 Invocations


You had one spell level left.
You knew the following spells:

 Your Spells              Type           Power        Failure   Level  Hunger
a - Sting                 Conj/Pois      ###.         1%          1    #......
b - Poisonous Vapours     Pois/Air       ####..       2%          2    ##.....
c - Olgreb's Toxic Radia  Pois           ###.....     17%         4    #####..
d - Mephitic Cloud        Conj/Pois/Air  ###.....     4%          3    ###....


Dungeon Overview and Level Annotations

Branches:
Dungeon (7/15)             Temple (1/1) D:5

Altars:
Cheibriados
Dithmenos
Elyvilon
Fedhas
Gozag
Hepliaklqana
Kikubaaqudgha
Nemelex Xobeh
Okawaru
Sif Muna
Trog
Vehumet
Wu Jian
Xom
Yredelemnul
Zin
The Shining One

Shops:
D:6 =

Annotations:
D:4 Mirai's ghost, amateur HOFi
D:5 Pikel


Innate Abilities, Weirdness & Mutations

You cannot wear armour.
You are incapable of wielding weapons or throwing items.
Your paws allow you to move quietly. (Stealth)
You have sharp claws.
You have razor-sharp teeth.
You have supernaturally acute eyesight. (SInv)
You are carnivorous and can eat meat at any time.
You cover ground quickly.
You are covered in thick fur. (AC +2)
You have a slow metabolism.
Your sharp claws are effective at attacking unaware monsters.
You have a pair of small horns on your head.
You have an increased reservoir of magic. (+10% MP)
You rapidly evolve.


Message History

Casting: Sting
Confirm with . or Enter, or press ? or * to list all spells.
Aiming: Poisonous Vapours
Press: ? - help, Dir - move target cursor, f/p - hog
Aim: a hog (heavily wounded, poisoned) Poisonous vapours surround the hog!
The hog is engulfed in poison gas.
The hog looks even sicker.
The hog bites you!
Casting: Poisonous Vapours
Confirm with . or Enter, or press ? or * to list all spells.
You don't have enough magic to cast that spell.
Unknown command.
Casting: Poisonous Vapours
Confirm with . or Enter, or press ? or * to list all spells.
Aiming: Sting
Press: ? - help, Shift-Dir - straight line, f/p - hog
Aim: a hog (severely wounded, poisoned)
The sting hits the hog.
The hog appears unharmed.
The hog is severely wounded.
The hog bites you!
You die...

#.# #.#[# #.#
#.#.## ###.#
#..#†### ....#
#.###..# .####
##...#.########
.#
#.#..........#
.#
#...#.######.#
.# #####h# .#
#@# .## #.# ..#
#.# ..# #####.#
.(# ##.....#
..# ##...####
..#
##.....########
###
#..............
#
#......########


You could see a hog.

Vanquished Creatures
  A two-headed ogre (D:6)
  A yak (D:7)
  A human (D:7)
  A black bear (D:6)
  A sky beast (D:5)
  4 slaves
  An ogre (D:4)
  A centaur (D:5)
  A bullfrog (D:7)
  2 scorpions (D:5)
  A wight (D:7)
  A jelly (D:7)
  3 hounds
  2 bullfrog skeletons (D:6)
  An orc priest (D:5)
  2 worker ants
  6 orc wizards
  3 gnolls (D:6)
  5 adders
  A shadow imp (D:6)
  3 oozes
  4 dart slugs
  3 leopard geckos
  12 orcs
  3 giant cockroaches
  6 goblins
  10 hobgoblins
  13 jackals
  2 quokkas
  2 ball pythons
  8 bats
  A frilled lizard (D:1)
  A giant cockroach zombie (D:6)
  A jackal skeleton (D:6)
  A jackal zombie (D:5)
  6 kobolds
  A leopard gecko skeleton (D:6)
  7 rats
123 creatures vanquished.

Vanquished Creatures (others)
  A wizard (D:3)
  An orc wizard (D:4)
2 creatures vanquished.

Grand Total: 125 creatures vanquished

Notes
Turn   | Place    | Note
-------+----------+-------------------------------------------
     0 | D:1      | inc the Felid Venom Mage began the quest for the Orb.
     0 | D:1      | Reached XP level 1. HP: 7/7 MP: 4/4
    30 | D:1      | Reached skill level 1 in Conjurations
   312 | D:1      | Reached XP level 2. HP: 9/11 MP: 0/6
   758 | D:1      | Reached XP level 3. HP: 14/14 MP: 2/7
  2147 | D:2      | Reached XP level 4. HP: 7/18 MP: 1/8
  2779 | D:3      | Found a bloodstained altar of Trog.
  2782 | D:3      | Noticed a wizard
  2789 | D:3      | Killed a wizard
  3790 | D:4      | Noticed Mirai's ghost (amateur HOFi)
  4013 | D:4      | Gained mutation: You are agile. (Dex +2) [potion of mutation]
  4013 | D:4      | Gained mutation: You evolve. [potion of mutation]
  4013 | D:4      | Gained mutation: You rapidly evolve. [potion of mutation]
  4017 | D:4      | Reached XP level 5. HP: 3/21 MP: 0/9
  4302 | D:5      | Entered Level 5 of the Dungeon
  4302 | D:5      | Noticed Pikel
  4302 | D:5      | Noticed a slave
  4714 | D:4      | Noticed an ogre
  4737 | D:4      | Killed an ogre
  4737 | D:4      | Gained mutation: You are covered in thick fur. (AC +2) [Felid growth]
  4737 | D:4      | Reached XP level 6. HP: 24/24 MP: 5/10
  4741 | D:4      | Learned a level 2 spell: Poisonous Vapours
  4746 | D:4      | Learned a level 4 spell: Olgreb's Toxic Radiance
  5385 | D:5      | Noticed an ice beast
  5529 | D:5      | Noticed a sky beast
  5639 | D:6      | Reached skill level 2 in Air Magic
  6014 | D:6      | Reached skill level 1 in Unarmed Combat
  6014 | D:6      | Reached XP level 7. HP: 27/27 MP: 1/11
  6408 | D:6      | Noticed a two-headed ogre
  6409 | D:6      | Slain by a two-headed ogre
  6410 | D:6      | Reached XP level 6. HP: -4/24 MP: 10/10
  6512 | D:6      | Gained mutation: You have a pair of small horns on your head. [evolution]
  6709 | D:5      | Noticed a slave
  6767 | D:5      | Found a staircase to the Ecumenical Temple.
  6776 | Temple   | Entered the Ecumenical Temple
  6928 | Temple   | Became a worshipper of Elyvilon the Healer
  6968 | D:5      | Noticed a slave
  6983 | D:5      | Killed a slave
  7030 | D:3      | Reached skill level 1 in Invocations
  7465 | D:5      | Noticed a slave
  7476 | D:4      | Killed a slave
  8041 | D:5      | Killed a slave
  8102 | D:5      | Killed a sky beast
  8102 | D:5      | Reached XP level 7. HP: 27/27 MP: 0/11
  8170 | D:5      | Lost mutation: You are agile. (Dex +2) [evolution]
  8183 | D:5      | Learned a level 3 spell: Mephitic Cloud
  8331 | D:5      | HP: 1/27 [centaur (4)]
  8765 | D:6      | Found Legy's Jewellery Shoppe.
  8958 | D:6      | Killed a two-headed ogre
  8958 | D:6      | Reached skill level 6 in Air Magic
  8958 | D:6      | Reached XP level 8. HP: 31/31 MP: 0/12
  9036 | D:6      | Gained mutation: You have an increased reservoir of magic. (+10% MP) [evolution]
  9256 | D:6      | Reached skill level 5 in Conjurations
  9446 | D:7      | Reached * piety under Elyvilon
  9450 | D:7      | Slain by a wight
  9451 | D:7      | Reached XP level 7. HP: -1/27 MP: 12/12
 10133 | D:7      | Noticed a hog
 10133 | D:7      | Noticed a human
 10133 | D:7      | Noticed a hog
 10133 | D:7      | Noticed a yak
 10133 | D:7      | Noticed a hog
 10143 | D:7      | Killed a human
 10143 | D:7      | Reached skill level 5 in Poison Magic
 10156 | D:7      | Killed a yak
 10156 | D:7      | Reached XP level 8. HP: 19/31 MP: 0/13
 10195 | D:7      | Slain by a hog

Skill      XL: |  1  2  3  4  5  6  7  8 |
---------------+-------------------------+-----
Conjurations   | 2 3 4 5 |  5.3
Poison Magic   | 4 5 |  5.4
Air Magic      | 2 6 |  6.2
Unarmed Combat | 2 |  2.1
Invocations    | 4 |  4.5
Dodging        | |  2.6
Stealth        | |  2.6
Spellcasting   | |  2.0

Action                   |  1- 3 |  4- 6 |  7- 9 || total
-------------------------+-------+-------+-------++-------
Melee: Unarmed           |    22 |    66 |    30 ||   118
       Bite              |     4 |     4 |     7 ||    15
       Headbutt          |       |     3 |     4 ||     7
 Cast: Sting             |    98 |   158 |    47 ||   303
       Poisonous Vapours |       |    40 |    19 ||    59
       Mephitic Cloud    |       |       |     2 ||     2
  Use: Potion            |       |     4 |     2 ||     6
       Scroll            |       |     7 |    10 ||    17
 Stab: Sleeping          |       |     1 |     2 ||     3
       Invisible         |       |       |     1 ||     1
  Eat: Chunk             |     3 |    13 |     6 ||    22
Armor: Skin              |     1 |     9 |     3 ||    13
Dodge: Dodged            |    39 |   110 |    39 ||   188
Block: Other             |       |     6 |     2 ||     8
       Reflection        |       |       |     1 ||     1
